 Dungeon Crawl Stone Soup version 0.23.1 (webtiles) character file.

Game seed: 1306712549802439643

120990 dvd the Severer (level 17, 0/137 HPs)
             Began as a Formicid Fighter on Mar 4, 2019.
             Was a High Priest of Okawaru.
             Slain by a snapping turtle (15 damage)
             ... on level 1 of the Shoals.
             The game lasted 01:16:08 (25300 turns).

dvd the Severer (Formicid Fighter)                 Turns: 25300, Time: 01:16:09

Health: 0/137      AC: 24    Str: 20    XL:     17   Next: 38%
Magic:  19/20      EV: 17    Int:  4    God:    Okawaru [*****.]
Gold:   1575       SH: 12    Dex: 18    Spells: 16/16 levels left

rFire    + + .     SeeInvis +   a - +9 war axe (elec)
rCold    + + +     Gourm    .   u - +3 buckler {reflect}
rNeg     + . .     Faith    .   H - +6 scale mail of Autotheism {*Corrode rC+++ rN+ MR+}
rPois    +         Spirit   .   (helmet unavailable)
rElec    .         Reflect  +   T - scarf {rC+ rF+}
rCorr    .         Harm     .   q - +1 pair of gloves of Bedevilment {rPois rC+ Int-4 Dex+4}
MR       +++..                  Y - +2 pair of boots
Stlth    ++........             G - amulet of the acrobat
HPRegen  0.32/turn              b - ring of protection from magic
MPRegen  0.17/turn              z - ring of protection from fire

@: heroism, very slow
A: permanent stasis, dig shafts and tunnels, four strong arms, antennae 3, slimy
green scales 1, dopey 1, weak 1, MP-powered wands
a: Dig, Shaft Self, Heroism, Finesse, Renounce Religion


You were on level 1 of the Shoals.
You worshipped Okawaru.
Okawaru was extremely pleased with you.
You were very hungry.

You visited 5 branches of the dungeon, and saw 23 of its levels.
You also visited: Volcano.

You collected 2407 gold pieces.
You spent 832 gold pieces at shops.

Inventory:

Hand Weapons
 a - a +9 war axe of electrocution (weapon)
 g - the +3 great mace "Xoratos" {freeze, *Rage rElec rPois Str+6}
   (You took it off an ettin on level 2 of the Orcish Mines)

   It has been specially enchanted to freeze those struck by it, causing extra
   injury to most foes and up to half again as much damage against particularly
   susceptible opponents.
   It can also slow down cold-blooded creatures.
   It affects your strength (+6).
   It insulates you from electricity.
   It protects you from poison.
   It may make you go berserk in combat.
 C - the +8 hand axe of Deformation {elec, rC+ rN+ Int+3}
   (You found it on level 5 of the Lair of Beasts)

   Occasionally, upon striking a foe, it will discharge some electrical energy
   and cause terrible harm.
   It affects your intelligence (+3).
   It protects you from cold.
   It protects you from negative energy.
 D - a +2 battleaxe of chopping
 I - the +8 great mace of Mujaufej {venom, Fragile rPois rF+++ rN+}
   (You took it off an ettin on level 2 of the Orcish Mines)

   It poisons the flesh of those it strikes.
   It renders you almost immune to fire.
   It protects you from poison.
   It protects you from negative energy.
   It will be destroyed if unequipped.
 J - a +1 broad axe of flaming
 K - a +0 executioner's axe of chopping
 P - a +2 broad axe of electrocution
Missiles
 Q - 5 javelins of penetration
 S - 9 silver javelins (quivered)
 U - 6 poisoned javelins
 W - 26 tomahawks
Armour
 c - a +0 shield
 o - a scarf of cloud immunity
 q - the +1 pair of gloves of Bedevilment (worn) {rPois rC+ Int-4 Dex+4}
   (Okawaru gifted it to you on level 9 of the Dungeon)

   It affects your intelligence (-4).
   It affects your dexterity (+4).
   It protects you from cold.
   It protects you from poison.
 u - a +3 buckler of reflection (worn)
 H - the +6 scale mail of Autotheism (worn) {*Corrode rC+++ rN+ MR+}
   (You bought it in a shop on level 2 of the Orcish Mines)

   It renders you almost immune to cold.
   It protects you from negative energy.
   It affects your resistance to hostile enchantments.
   It may corrode you when you take damage.
 T - a scarf of resistance (worn)
 Y - a +2 pair of boots (worn)
Magical Staves
 O - an uncursed staff of cold
Jewellery
 b - a ring of protection from magic (left hand)
 i - an uncursed ring of positive energy
 x - an uncursed ring of ice
 z - a ring of protection from fire (right hand)
 G - an amulet of the acrobat (around neck)
Wands
 m - a wand of clouds (7)
 n - a wand of digging (13)
 t - a wand of polymorph (15)
 y - a wand of flame (88)
 E - a wand of iceblast (4)
 F - a wand of enslavement (8)
 X - a wand of random effects (34)
Scrolls
 d - a scroll of magic mapping
 j - 22 scrolls of identify
 k - 4 scrolls of amnesia
 l - 6 scrolls of remove curse
 s - 2 scrolls of holy word
 A - 2 scrolls of fear
 M - a scroll of enchant weapon
 V - 2 scrolls of silence
 Z - a scroll of fog
Potions
 e - a potion of might
 h - 4 potions of cancellation
 r - 7 potions of curing
 v - 4 potions of flight
 w - 2 potions of agility
 B - 5 potions of heal wounds
 L - 3 potions of ambrosia
 N - a potion of magic
Comestibles
 f - 52 rations


   Skills:
 + Level 13.5(18.5) Fighting
   Level 1.4(6.4) Long Blades
 + Level 17.0(22.1) Axes
 + Level 3.1(16.8) Maces & Flails
 + Level 7.2(12.2) Throwing
 + Level 11.3(16.3) Armour
 + Level 5.3(10.3) Dodging
 + Level 6.2(11.2) Stealth
 + Level 14.0(19.0) Shields
 + Level 4.7 Invocations
 + Level 2.8 Evocations


You had 16 spell levels left.
You didn't know any spells.
Your spell library contained the following spells:

 Spells                   Type           Power        Failure   Level  Hunger
 Shock                    Conj/Air       #...         75%         1    ##.....
 Poisonous Vapours        Pois/Air       #.....       86%         2    ###....
 Swiftness                Chrm/Air       #.......     86%         2    ###....
 Conjure Flame            Conj/Fire      #.......     98%         3    ####...
 Mephitic Cloud           Conj/Pois/Air  #.......     98%         3    ####...
 Recall                   Summ/Tloc      N/A          98%         3    ####...
 Spectral Weapon          Hex/Chrm       #.......     98%         3    ####...
 Static Discharge         Conj/Air       #.......     98%         3    ####...
 Airstrike                Air            #.........   100%        4    #####..
 Lightning Bolt           Conj/Air       #.........   100%        5    ######.
 Freezing Cloud           Conj/Ice/Air   #.........   100%        6    #######
 Ring of Flames           Chrm/Fire      #.........   100%        7    #######


Dungeon Overview and Level Annotations

Branches:
Dungeon (13/15)            Temple (1/1) D:5            Lair (6/6) D:8
 Shoals (1/4) Lair:4        Snake (0/4) Lair:3        Slime (0/5) Lair:5
    Orc (2/2) D:9             Elf (0/3) Orc:2        Vaults (0/5) D:13

Altars:
Ashenzari
Cheibriados
Dithmenos
Elyvilon
Fedhas
Gozag
Hepliaklqana
Kikubaaqudgha
Makhleb
Nemelex Xobeh
Okawaru
Qazlal
Ru
Sif Muna
Trog
Uskayaw
Vehumet
Wu Jian
Xom
Yredelemnul
Zin
The Shining One
Beogh

Shops:
D:4 %   D:5 (   D:6 *   D:13 !(:   Orc:2 :*[(   Shoals:1 }

Portals:
Ice
Cave: Shoals:1


Innate Abilities, Weirdness & Mutations

You cannot be hasted, slowed, berserked, paralysed or teleported.
You can dig through walls and to a lower floor.
Your four strong arms can wield two-handed weapons with a shield.
You have a pair of large antennae on your head. (SInv)
You are partially covered in slimy green scales. (AC +2)
You are dopey. (Int -2)
You are weak. (Str -2)
You expend magic power (3 MP) to strengthen your wands.


Message History

The harpy completely misses you. You block the harpy's attack.
The sea snake bites you but does no damage.
The harpy misses you. x2
The water nymph casts a spell at you. The water swirls and strikes you!
The harpy completely misses you. The harpy claws you but does no damage.
The snapping turtle barely misses you.
You slash the water nymph!
The water nymph is moderately wounded.
You slash the harpy! Lightning courses through the harpy!
You barely miss the harpy. You closely miss the sea snake. You hit the harpy.
The harpy claws you but does no damage. The harpy closely misses you.
The harpy claws you but does no damage. The harpy barely misses you.
The sea snake bites you but does no damage.
The water nymph gestures at you while chanting.
The water swirls and strikes you!
* * * LOW HITPOINT WARNING * * *
The harpy barely misses you. x2; The harpy closely misses you.
You block the harpy's attack.
The snapping turtle bites you from afar!
You die...

≈≈≈≈≈≈≈≈≈≈≈≈≈≈≈
..≈≈≈≈≈≈≈≈≈≈≈≈.
...≈≈≈≈≈≈.......
....≈≈≈...........
...≈≈...........^..
...≈≈≈≈H............
....≈≈mH............
.....tH@............
."....#S†.........∩.
....##...#..........
... #∩##...........
. ...##..<"≈≈.....
....#.....)≈≈.....
...........≈.≈.>...
..##.......≈≈......
.. #.......≈....≈.≈


You could see a sea snake, a snapping turtle, a water nymph and 3 harpies.

Vanquished Creatures
  Jorgrun (D:13)
  Frances (D:13)
  The ghost of DavidChitty2 the Severer, a journeyman HOFi of Beogh (Orc:2)
  An orc warlord (Orc:2)
  A stone giant (D:9)
  The ghost of Kenran the Bludgeoner, a journeyman MiMo of Makhleb (D:13)
  An ettin (Orc:2)
  6 hydras
  4 vault guards (D:13)
  A catoblepas (Lair:6)
  6 two-headed ogres
  A centaur warrior (D:13)
  5 death yaks (Lair:6)
  The ghost of bananaglory the Grappler, a novice DrTm of Ashenzari (D:8)
  A death knight (D:11)
  A deep troll shaman (Lair:6)
  Erica (D:9)
  6 orc high priests
  Sonja (Lair:2)
  4 skeletal warriors (D:11)
  A fire crab (Lair:3)
  A wizard (D:13)
  4 unseen horrors
  3 orc knights
  Pikel (D:5)
  2 harpies (Shoals:1)
  2 necromancers (D:13)
  A deep elf mage (D:13)
  2 lindwurms (Volcano)
  2 ugly things
  4 orc sorcerers (Orc:2)
  2 centaur zombies
  7 black mambas
  A merfolk siren (Lair:4)
  Joseph (D:7)
  7 elephants (Lair:6)
  4 molten gargoyles (Volcano)
  3 gargoyles
  7 spiny frogs
  3 rime drakes
  A kobold demonologist (D:8)
  2 efreet (Volcano)
  A freezing wraith (D:13)
  4 komodo dragons
  2 polar bears (Lair:6)
  7 trolls
  A queen bee (D:11)
  A merfolk (Shoals:1)
  4 hornets
  3 slime creatures (D:12)
  The ghost of kalagan the Digger, an amateur DEEE (D:5)
  5 hippogriffs
  14 dream sheep
  18 blink frogs
  2 shadows (D:13)
  A water elemental (Shoals:1)
  3 wraiths (D:13)
  A vampire (D:12)
  48 yaks
  5 fire elementals (Volcano)
  A wyvern (D:12)
  A basilisk (Lair:6)
  19 humans
  5 hungry ghosts
  2 fire bats (Lair:1)
  3 vampire mosquitoes (D:10)
  Menkaure (D:7)
  A soldier ant (D:11)
  3 wargs
  12 water moccasins
  Duvessa (D:7)
  5 porcupines
  5 ice beasts
  32 orc warriors
  6 phantoms
  5 sky beasts
  2 black bears
  9 wolves
  17 ogres
  3 centaurs
  12 crocodiles
  18 big kobolds
  16 bullfrogs
  2 gnoll sergeants
  2 earth elementals (Volcano)
  Dowan (D:7)
  A water moccasin zombie (D:7)
  4 scorpions
  25 killer bees
  12 wights (D:10)
  2 howler monkeys
  5 crimson imps
  2 bullfrog zombies (D:10)
  5 jellies
  A quasit (D:13)
  2 bullfrog skeletons
  34 orc priests
  5 hounds
  2 centaur skeletons
  31 orc wizards
  5 iguanas
  15 worker ants
  A hound zombie (D:6)
  A hound skeleton (D:7)
  A howler monkey zombie (D:11)
  Robin (D:2)
  14 gnolls
  11 adders
  A shadow imp (D:11)
  3 oozes
  3 worms
  A dart slug (D:2)
  5 leopard geckos
  123 orcs
  5 giant cockroaches
  10 goblins
  9 hobgoblins
  10 jackals
  29 kobolds
  4 quokkas
  A ball python (D:4)
  7 bats
  13 frilled lizards
  2 leopard gecko skeletons
  A quokka skeleton (D:6)
  5 rats
  6 fungi
  2 plants (Lair:6)
831 creatures vanquished.

Vanquished Creatures (others)
  An orc priest (D:11)
  An adder zombie (D:5)
  3 orcs
  9 fungi
  10 plants
24 creatures vanquished.

Grand Total: 855 creatures vanquished

Notes
Turn   | Place    | Note
-------+----------+-------------------------------------------
     0 | D:1      | dvd the Formicid Fighter began the quest for the Orb.
     0 | D:1      | Reached XP level 1. HP: 18/18 MP: 1/1
   365 | D:1      | Reached XP level 2. HP: 9/24 MP: 2/2
  1264 | D:2      | Reached XP level 3. HP: 27/30 MP: 3/3
  1395 | D:2      | Identified the cursed -6 helmet "Dima" {-Tele Int+4 Dex+3
                  | Slay+3}
  1395 | D:2      | Noticed Robin
  1404 | D:2      | Killed Robin
  1609 | D:2      | Reached XP level 4. HP: 37/37 MP: 4/4
  1612 | D:2      | Reached skill level 1 in Dodging
  1991 | D:3      | Found a sacrificial altar of Ru.
  2041 | D:3      | Reached skill level 3 in Axes
  2041 | D:3      | Reached XP level 5. HP: 31/42 MP: 5/5
  2793 | D:3      | Reached XP level 6. HP: 45/48 MP: 6/6
  2920 | D:4      | Noticed an ogre
  2932 | D:4      | Killed an ogre
  2932 | D:4      | Reached skill level 4 in Axes
  3442 | D:4      | Noticed an ogre
  3445 | D:4      | Noticed a human
  3445 | D:4      | an ogre changed into a human
  3453 | D:4      | Killed a human
  3453 | D:4      | Reached skill level 5 in Shields
  3453 | D:4      | Reached XP level 7. HP: 43/55 MP: 7/7
  3594 | D:4      | Reached skill level 5 in Axes
  3907 | D:4      | Reached skill level 5 in Fighting
  3907 | D:4      | Reached XP level 8. HP: 58/62 MP: 8/8
  3968 | D:4      | HP: 1/62 [orc priest/divine providence (12)]
  3983 | D:4      | Gained mutation: You are partially covered in slimy green
                  | scales. (AC +2) [potion of mutation]
  3983 | D:4      | Gained mutation: Your spells are a little easier to cast,
                  | but a little less powerful. [potion of mutation]
  3983 | D:4      | Gained mutation: You are frail. (-10% HP) [potion of
                  | mutation]
  3983 | D:4      | Gained mutation: Your muscles are strong. (Str +2) [potion
                  | of mutation]
  4217 | D:4      | Found Cyhuare's Food Shoppe.
  4330 | D:4      | Reached skill level 5 in Armour
  4401 | D:4      | Reached skill level 6 in Axes
  4615 | D:5      | Entered Level 5 of the Dungeon
  4886 | D:5      | Reached skill level 7 in Axes
  4909 | D:5      | Found a runed translucent gate.
  4909 | D:5      | Noticed kalagan's ghost (amateur DEEE)
  4910 | D:5      | Found a runed translucent gate.
  4910 | D:5      | Identified the +3 whip "Boaqy" {chaos, Int+5}
  4911 | D:5      | Found a runed translucent gate.
  4926 | D:5      | Reached XP level 9. HP: 61/61 MP: 9/9
  4931 | D:5      | Found Jeuxuw's Antique Weapon Shoppe.
  4941 | D:5      | Noticed Pikel
  4955 | D:5      | Killed Pikel
  4955 | D:5      | Reached skill level 8 in Axes
  5117 | D:5      | Bought a runed war axe for 182 gold pieces
  5418 | D:5      | Found a staircase to the Ecumenical Temple.
  5424 | Temple   | Entered the Ecumenical Temple
  5524 | Temple   | Became a worshipper of Warmaster Okawaru
  5763 | D:6      | Found Deemekh's General Store.
  5817 | D:6      | Bought a potion of degeneration for 10 gold pieces
  5849 | D:6      | Noticed an unseen horror
  5856 | D:6      | Killed an unseen horror
  5856 | D:6      | Reached skill level 9 in Axes
  5856 | D:6      | Reached XP level 10. HP: 64/69 MP: 10/10
  5911 | D:6      | Reached * piety under Okawaru
  6423 | D:6      | You fall through a shaft!
  6423 | D:7      | Noticed Joseph
  6433 | D:7      | Killed Joseph
  6440 | D:7      | Noticed Duvessa
  6440 | D:7      | Noticed Dowan
  6444 | D:7      | Noticed Menkaure
  6446 | D:7      | Killed Duvessa
  6446 | D:7      | Reached skill level 10 in Axes
  6447 | D:7      | Killed Dowan
  6452 | D:7      | Killed Menkaure
  6469 | D:7      | Reached ** piety under Okawaru
  7866 | D:8      | Found a staircase to the Lair.
  8008 | D:8      | Reached skill level 11 in Axes
  8210 | D:8      | Reached *** piety under Okawaru
  8210 | D:8      | Reached XP level 11. HP: 75/75 MP: 11/11
  8361 | D:8      | Found a runed translucent gate.
  8364 | D:8      | Found a runed translucent gate.
  8365 | D:8      | Found a runed translucent gate.
  8366 | D:8      | Noticed bananaglory's ghost (novice DrTm)
  8869 | D:8      | Killed bananaglory's ghost
  8869 | D:8      | Reached **** piety under Okawaru
  8869 | D:8      | Reached skill level 12 in Axes
  8938 | D:5      | Killed kalagan's ghost
  9264 | D:9      | Noticed a green ugly thing
  9270 | D:9      | Killed a green ugly thing
  9434 | D:9      | Noticed a two-headed ogre
  9441 | D:9      | Killed a two-headed ogre
  9441 | D:9      | Reached skill level 1 in Invocations
  9515 | D:9      | Found a roughly hewn altar of Beogh.
  9515 | D:9      | Found a staircase to the Orcish Mines.
  9785 | D:9      | You fall through a shaft!
  9785 | D:10     | Entered Level 10 of the Dungeon
  9911 | D:10     | Reached XP level 12. HP: 84/84 MP: 13/13
 10148 | Lair:1   | Entered Level 1 of the Lair of Beasts
 10190 | Lair:1   | Reached skill level 1 in Throwing
 10418 | Lair:1   | Reached ***** piety under Okawaru
 10534 | Lair:1   | Reached skill level 13 in Axes
 11112 | Lair:2   | Identified a scroll of acquirement
 11337 | Lair:2   | Noticed Sonja
 11346 | Lair:2   | Killed Sonja
 11346 | Lair:2   | Reached skill level 1 in Evocations
 12074 | Lair:3   | Reached skill level 10 in Shields
 12268 | Lair:3   | Found a staircase to the Snake Pit.
 12702 | Lair:3   | Reached skill level 1 in Stealth
 13133 | Lair:3   | Found a runed translucent door.
 13138 | Lair:3   | Noticed a fire crab
 13358 | Lair:3   | Killed a fire crab
 13358 | Lair:3   | Received a gift from Okawaru
 13358 | Lair:3   | Reached skill level 10 in Fighting
 13373 | Lair:3   | Noticed a fire crab
 13373 | Lair:3   | Noticed an entropy weaver
 13381 | Lair:3   | You fall through a shaft!
 13428 | Lair:4   | Noticed a five-headed hydra
 13444 | Lair:4   | Killed a five-headed hydra
 13444 | Lair:4   | Reached XP level 13. HP: 46/92 MP: 14/14
 13498 | Lair:4   | Found a staircase to the Shoals.
 13527 | Lair:4   | Reached skill level 14 in Axes
 13528 | Lair:4   | Reached skill level 1 in Maces & Flails
 13555 | Lair:4   | Found a hide-covered altar of Uskayaw.
 13565 | Lair:4   | Got a fine halberd
 13566 | Lair:4   | Identified the +2 halberd "Rooseawn" {chop, MR- Str+3
                  | Int+7} (You found it on level 4 of the Lair of Beasts)
 13768 | Lair:4   | Received a gift from Okawaru
 13806 | Lair:4   | Found a dark tunnel.
 13842 | Volcano  | Entered a volcano
 13862 | Volcano  | Received a gift from Okawaru
 13981 | Volcano  | Received a gift from Okawaru
 15023 | Lair:5   | Found a staircase to the Slime Pits.
 15216 | Lair:5   | Received a gift from Okawaru
 15505 | Lair:5   | Received a gift from Okawaru
 15563 | Lair:5   | Noticed a six-headed hydra
 15570 | Lair:5   | Noticed a six-headed hydra
 15592 | Lair:5   | HP: 1/94 [four-headed hydra (9)]
 15593 | Lair:5   | You fall through a shaft!
 15593 | Lair:6   | Entered Level 6 of the Lair of Beasts
 15623 | Lair:6   | Received a gift from Okawaru
 15642 | Lair:6   | Lost mutation: Your spells are a little easier to cast, but
                  | a little less powerful. [potion of mutation]
 15642 | Lair:6   | Lost mutation: You are frail. (-10% HP) [potion of
                  | mutation]
 15642 | Lair:6   | Gained mutation: You do not regenerate when monsters are
                  | visible. [potion of mutation]
 15642 | Lair:6   | Gained mutation: You have sharp toenails. [potion of
                  | mutation]
 15643 | Lair:6   | Lost mutation: You have sharp toenails. [potion of
                  | mutation]
 15643 | Lair:6   | Lost mutation: You do not regenerate when monsters are
                  | visible. [potion of mutation]
 15643 | Lair:6   | Lost mutation: Your muscles are strong. (Str +2) [potion of
                  | mutation]
 15643 | Lair:6   | Gained mutation: You are weak. (Str -2) [potion of
                  | mutation]
 15643 | Lair:6   | Gained mutation: You are dopey. (Int -2) [potion of
                  | mutation]
 15643 | Lair:6   | Gained mutation: You expend magic power (3 MP) to
                  | strengthen your wands. [potion of mutation]
 15727 | Lair:6   | Reached skill level 1 in Long Blades
 15727 | Lair:6   | Reached skill level 10 in Armour
 15738 | Lair:6   | Reached skill level 15 in Axes
 15918 | Lair:6   | Reached XP level 14. HP: 78/111 MP: 16/16
 16400 | Lair:6   | Received a gift from Okawaru
 16401 | Lair:6   | Got a transparent chain mail {god gift}
 16447 | Lair:6   | Identified the +1 chain mail "Galliq" {MP-9 Int+8 Dex+6
                  | Slay-6} (Okawaru gifted it to you on level 6 of the Lair of
                  | Beasts)
 16751 | Lair:5   | Reached ****** piety under Okawaru
 16775 | Lair:5   | Got a dazzling hand axe
 16776 | Lair:5   | Identified the +8 hand axe of Deformation {elec, rC+ rN+
                  | Int+3} (You found it on level 5 of the Lair of Beasts)
 17750 | Lair:6   | Reached skill level 5 in Stealth
 17805 | Lair:6   | Received a gift from Okawaru
 18289 | Lair:6   | Identified the Compendium of Creative Talismans
 18312 | Lair:6   | Reached XP level 15. HP: 102/120 MP: 17/17
 18546 | Orc:1    | Entered Level 1 of the Orcish Mines
 18546 | Orc:1    | Noticed Erica
 18546 | Orc:1    | Noticed a stone giant
 18553 | D:9      | Killed Erica
 18954 | D:9      | Killed a stone giant
 18954 | D:9      | Received a gift from Okawaru
 18959 | D:9      | Got a pair of faintly glowing gloves {god gift}
 18970 | D:9      | Identified the +1 pair of gloves of Bedevilment {rPois rC+
                  | Int-4 Dex+4} (Okawaru gifted it to you on level 9 of the
                  | Dungeon)
 19592 | Orc:2    | Entered Level 2 of the Orcish Mines
 19597 | Orc:2    | Lost intelligence.
 19680 | Orc:2    | Noticed an orc warlord
 19699 | Orc:2    | Reached XP level 16. HP: 96/127 MP: 19/19
 19705 | Orc:2    | Reached skill level 16 in Axes
 19719 | Orc:2    | Reached skill level 5 in Throwing
 20462 | Orc:2    | Found a staircase to the Elven Halls.
 20809 | Orc:2    | Found Yram's Antique Armour Boutique.
 20810 | Orc:2    | Found Cibiseid's Antique Weapon Boutique.
 20812 | Orc:2    | Found Ojyupn's General Store.
 20812 | Orc:2    | Found Yfougruw's Book Shop.
 20827 | Orc:2    | Bought a potion of heal wounds for 55 gold pieces
 20837 | Orc:2    | Bought a scorched scale mail for 261 gold pieces
 20911 | Orc:2    | Identified the +6 scale mail of Autotheism {*Corrode rC+++
                  | rN+ MR+} (You bought it in a shop on level 2 of the Orcish
                  | Mines)
 20914 | Orc:2    | Bought a runed broad axe for 154 gold pieces
 21128 | Orc:2    | Noticed DavidChitty2's ghost (journeyman HOFi)
 21129 | Orc:2    | Found a transporter.
 21129 | Orc:2    | Identified the +8 great mace of Mujaufej {venom, Fragile
                  | rPois rF+++ rN+}
 21129 | Orc:2    | Identified the +3 great mace "Xoratos" {freeze, *Rage rElec
                  | rPois Str+6}
 21133 | Orc:2    | Found a transporter.
 21171 | Orc:2    | Killed DavidChitty2's ghost
 21567 | Orc:2    | Found a roughly hewn altar of Beogh.
 22097 | D:10     | Got an ebony trident
 22098 | D:10     | Identified the +5 trident of Anger {flame, rF- MR+ Int+2}
                  | (You found it on level 10 of the Dungeon)
 23354 | D:12     | Reached skill level 5 in Dodging
 23994 | D:13     | Found a runed translucent gate.
 23995 | D:13     | Found a runed translucent gate.
 23996 | D:13     | Found a runed translucent gate.
 23999 | D:13     | Noticed Kenran's ghost (journeyman MiMo)
 24024 | D:13     | Found Leceg's Antique Weapon Boutique.
 24133 | D:13     | Noticed Frances
 24145 | D:13     | Killed Frances
 24145 | D:13     | Reached XP level 17. HP: 129/136 MP: 18/20
 24172 | D:13     | Found Elatuz's Book Shoppe.
 24199 | D:13     | Noticed Jorgrun
 24216 | D:13     | Killed Jorgrun
 24667 | D:13     | Found a gate to the Vaults.
 24675 | D:13     | Received a gift from Okawaru
 24926 | D:13     | Found Ymon's Distillery.
 24930 | D:13     | Bought 2 potions of heal wounds for 170 gold pieces
 25056 | D:13     | Killed Kenran's ghost
 25272 | Shoals:1 | Entered Level 1 of the Shoals
 25272 | Shoals:1 | Found Xyufidicia's Gadget Shoppe.
 25282 | Shoals:1 | Reached skill level 17 in Axes
 25284 | Shoals:1 | Found a frozen archway.
 25300 | Shoals:1 | Slain by a snapping turtle

Skill      XL: |  1  2  3  4  5  6  7  8  9 10 11 12 13 14 15 16 17 |
---------------+----------------------------------------------------+-----
Shields        | 4 5 6 7 8 9 10 11 12 13 14 | 14.0
Dodging        | 1 2 3 4 5 |  5.3
Fighting       | 4 5 6 7 8 10 11 13 | 13.5
Axes           | 3 4 5 7 9 11 12 13 15 16 17 | 17.0
Armour         | 4 5 6 7 9 10 11 | 11.3
Invocations    | 1 2 3 4 |  4.7
Throwing       | 2 3 4 6 7 |  7.2
Evocations     | 1 2 |  2.8
Stealth        | 1 5 6 |  6.2
Maces & Flails | 1 3 |  3.1
Long Blades    | 1 |  1.4

Action                   |  1- 3 |  4- 6 |  7- 9 | 10-12 | 13-15 | 16-18 || total
-------------------------+-------+-------+-------+-------+-------+-------++-------
Melee: War axe           |   109 |   162 |   211 |   537 |   454 |   580 ||  2053
       Mace              |    11 |       |       |       |       |       ||    11
       Whip              |       |       |       |    11 |    14 |       ||    25
       Scimitar          |       |       |       |       |     9 |       ||     9
       Broad axe         |       |       |       |       |       |     9 ||     9
Throw: Tomahawk          |       |       |       |    23 |    16 |       ||    39
       Javelin           |       |       |       |       |    64 |   132 ||   196
Invok: Heroism           |       |       |       |    18 |    21 |    13 ||    52
       Finesse           |       |       |       |       |     1 |     2 ||     3
 Abil: Shaft Self        |       |       |       |     1 |     1 |       ||     2
       Dig               |       |       |       |       |     1 |       ||     1
Evoke: Wand              |       |     3 |       |     4 |     5 |       ||    12
  Use: Scroll            |     2 |       |     1 |    18 |    12 |     5 ||    38
       Potion            |       |     1 |     4 |       |    13 |       ||    18
 Stab: Petrified         |       |       |       |       |    16 |       ||    16
       Petrifying        |       |       |       |       |     2 |       ||     2
       Sleeping          |       |       |       |       |     1 |     1 ||     2
  Eat: Chunk             |     2 |     7 |    13 |    26 |    20 |    18 ||    86
Armor: Scale mail        |    62 |    26 |       |       |   106 |   182 ||   376
       Chain mail        |       |    52 |   113 |   119 |       |       ||   284
       Plate armour      |       |       |       |    66 |    30 |       ||    96
       Skin              |       |       |       |       |    13 |       ||    13
Dodge: Dodged            |    41 |    61 |    70 |   126 |   140 |   300 ||   738
Block: Shield            |    82 |    88 |    93 |   298 |   255 |    89 ||   905
       Buckler           |       |       |       |       |       |   221 ||   221
       Reflection        |       |       |       |       |       |    11 ||    11
       Rpst.: Scimitar   |       |       |       |       |     2 |       ||     2
